 Dungeon Crawl Stone Soup version 0.26.1-11-gd32895ea62 (webtiles) character file.

Game seed: 1312464897996112104

29 Descartes the Sneak (level 3, 0/16 HPs)
             Began as a Felid Wanderer on June 22, 2021.
             Killed from afar by a dart slug (5 damage)
             ... with a slug dart
             ... on level 2 of the Dungeon.
             The game lasted 00:01:57 (1907 turns).

Descartes the Sneak (Felid Wanderer)                Turns: 1907, Time: 00:01:57

Health: 0/16       AC:  1    Str:  9    XL:     3   Next: 1%
Magic:  5/5        EV: 17    Int: 13    God:
Gold:   50         SH:  0    Dex: 15    Spells: 4/4 levels left
                                        Lives:  0   Deaths: 0

rFire    . . .     SeeInvis +     - Unarmed
rCold    . . .     Faith    .   (shield unavailable)
rNeg     . . .     Spirit   .   (armour unavailable)
rPois    .         Reflect  .   (helmet unavailable)
rElec    .         Harm     .   (cloak unavailable)
rCorr    .         Rampage  .   (gloves unavailable)
Will     .....                  (boots unavailable)
Stlth    +++.......             (no amulet)
HPRegen  0.05/turn              (no ring)
MPRegen  0.09/turn              (no ring)

@: quick
A: very small, no armour, no weapons or thrown items, stealth, claws 1, fangs 3,
see invisible, speed 1, shaggy fur 1, sharp paws
a: no special abilities


You were on level 2 of the Dungeon.
You visited 1 branch of the dungeon, and saw 2 of its levels.

You collected 50 gold pieces.

Inventory:

Jewellery
 d - an uncursed amulet of the acrobat {unknown}
 g - an uncursed amulet of the acrobat {unknown}
Scrolls
 b - a scroll of teleportation
 e - a scroll of remove curse {unknown}
 h - a scroll of random uselessness {unknown}
Potions
 a - 2 potions of haste
 c - a potion of lignification
 f - a potion of curing {unknown}


   Skills:
 - Level 2.0 Fighting
 + Level 1.9 Dodging
 + Level 3.6 Stealth
 + Level 2.5 Unarmed Combat
 - Level 1.0 Spellcasting
 - Level 1.0 Summonings
 - Level 1.0 Necromancy
 - Level 1.1 Evocations


You had 4 spell levels left.
You didn't know any spells.
Your spell library was empty.

Dungeon Overview and Level Annotations

Branches:
Dungeon (2/15)

Altars:
Gozag
Trog


Innate Abilities, Weirdness & Mutations

You cannot wear armour.
You are incapable of wielding weapons or throwing items.
Your paws allow you to move quietly. (Stealth)
You have sharp claws.
You have razor-sharp teeth.
You have supernaturally acute eyesight. (SInv)
You cover ground quickly.
You are covered in fur. (AC +1)
Your sharp claws are effective at attacking unaware monsters.


Message History

You are too injured to fight recklessly!
You are too injured to fight recklessly!
You are too injured to fight recklessly!
You are too injured to fight recklessly!
You are too injured to fight recklessly!
You are too injured to fight recklessly!
You are too injured to fight recklessly!
You are too injured to fight recklessly!
You are too injured to fight recklessly!
You are too injured to fight recklessly!
You see here a frilled lizard skeleton.
You barely miss the rat. Your bite misses the rat. The rat misses you.
You claw the rat!
You kill the rat!
A dart slug is nearby!
The dart slug launches a dart at you. The slug dart hits you.
The dart slug launches a dart at you. The slug dart hits you.
You die...

#....)..# #........
##.#####.##################'##.##
....†.<..................>..##.#
##.....#.#...(################)#
########.#....# ##8## .#
.....†........# ##8$..8
##########....#####.....
#....##.#_..... #[...##@##.....
######....##.##8...8
#.....w....w.# #8##
#............## # #.............#
#..............# #.....÷#######.#
######.##...##.# ##.#.w...#.#


You could see a dart slug.

Vanquished Creatures
  An ooze (D:1)
  2 giant cockroaches
  A hobgoblin (D:1)
  3 kobolds (D:1)
  A quokka (D:2)
  A ball python (D:1)
  A bat (D:1)
  3 frilled lizards (D:2)
  5 goblins
  7 rats
25 creatures vanquished.

Notes
Turn   | Place    | Note
-------+----------+-------------------------------------------
     0 | D:1      | Descartes the Felid Wanderer began the quest for the Orb.
     0 | D:1      | Descartes set off with the following items: 2 potions of
                  | haste, a scroll of teleportation, a potion of lignification
     0 | D:1      | Reached XP level 1. HP: 9/9 MP: 3/3
   374 | D:1      | Reached skill level 3 in Stealth
   377 | D:1      | Reached skill level 1 in Dodging
   600 | D:1      | Reached XP level 2. HP: 6/13 MP: 4/4
  1308 | D:2      | Found an opulent altar of Gozag.
  1462 | D:2      | Found a bloodstained altar of Trog.
  1717 | D:2      | Reached XP level 3. HP: 10/16 MP: 5/5
  1907 | D:2      | Killed from afar by a dart slug

Illustrated notes

Levels and vault maps discovered:
D:1:      psy_arrival_terrarium, layout_loops_ring,
          chequers_serial_rivers_small_b
D:2:      layout_basic, nemelex_xobeh_ov_fountains_minmay,
          general_overflow_altar, nicolae_overflow_hidden_temple,
          eino_tiny_chamber, minmay_misc_feat_enclosed

Skill      XL: |  1 |
---------------+----+-----
Stealth        | 3 |  3.6
Dodging        | 1 |  1.9
Fighting       | |  2.0
Unarmed Combat | |  2.5
Spellcasting   | |  1.0
Summonings     | |  1.0
Necromancy     | |  1.0
Evocations     | |  1.1

Action                   || total
-------------------------++-------
Melee: Unarmed           ||    83
       Bite              ||     5
 Stab: Sleeping          ||     6
Armor: Skin              ||     4
Dodge: Dodged            ||    61
